 Dungeon Crawl Stone Soup version 0.25.1-11-g244df3a29b (webtiles) character file.

Game seed: 17858319000463523870

3768 DeepDeath the Basher (level 9, -6/81 HPs)
             Began as a Minotaur Fighter on Jan 13, 2024.
             Was a Believer of Okawaru.
             Killed from afar by Fannar (21 damage)
             ... with a bolt of cold
             ... on level 10 of the Dungeon.
             The game lasted 00:19:14 (7870 turns).

DeepDeath the Basher (Minotaur Fighter)             Turns: 7870, Time: 00:19:15

Health: -6/81      AC: 11    Str: 24    XL:     9   Next: 94%
Magic:  10/10      EV: 12    Int:  5    God:    Okawaru [**....]
Gold:   2011       SH:  0    Dex: 16    Spells: 8/8 levels left

rFire    . . .     SeeInvis .   s - +3 dire flail (protect)
rCold    . . .     Gourm    .   (shield currently unavailable)
rNeg     . . .     Faith    .   b - +1 scale mail
rPois    .         Spirit   .   (helmet restricted)
rElec    .         Reflect  .   z - +1 cloak
rCorr    .         Harm     .   (no gloves)
MR       .....                  (no boots)
Stlth    ..........             (no amulet)
HPRegen  0.23/turn              K - +6 ring of dexterity
MPRegen  0.12/turn              (no ring)

@: very slightly contaminated, invisible (expiring)
A: retaliatory headbutt, horns 2
a: Heroism, Renounce Religion


You were on level 10 of the Dungeon.
You worshipped Okawaru.
Okawaru was pleased with you.
You were not hungry.

You visited 2 branches of the dungeon, and saw 11 of its levels.

You collected 2011 gold pieces.

Inventory:

Hand Weapons
 a - a +0 glaive
 q - the +8 longbow "Zephyr" {speed, Dex+3 SInv}
   (You found it on level 9 of the Dungeon)

   Attacks with this weapon are significantly faster.
   It affects your dexterity (+3).
   It lets you see invisible.
 s - a +3 dire flail of protection (weapon)
 w - a +1 trident
 x - a +2 hunting sling of flaming
Missiles
 n - 160 arrows
 o - 2 javelins
 u - 22 boomerangs (quivered)
 y - 74 sling bullets
 E - 8 poisoned darts
Armour
 b - a +1 scale mail (worn)
 z - a +1 cloak (worn)
Magical Staves
 D - an uncursed staff of fire
Jewellery
 h - an uncursed amulet of magic regeneration {unknown}
 p - an uncursed ring of fire
 K - a +6 ring of dexterity (left hand)
Wands
 v - a wand of flame (35)
 A - a wand of random effects (20)
 F - a wand of iceblast (11)
Scrolls
 g - 4 scrolls of remove curse
 B - a scroll of amnesia {unknown}
 C - 2 scrolls of blinking
 G - a scroll of identify
 H - a scroll of teleportation
Potions
 c - 5 potions of curing
 d - 2 potions of might
 i - a potion of magic
 j - a potion of ambrosia
 l - a potion of flight
 m - 3 potions of brilliance
 r - a potion of mutation
 t - a potion of haste
Comestibles
 f - 16 rations


   Skills:
 + Level 8.2 Fighting
 * Level 10.7 Maces & Flails
 - Level 6.2 Polearms
 + Level 0.1 Bows
 - Level 1.0 Throwing
 + Level 8.1 Armour
 - Level 3.0 Dodging
   Level 3.6 Shields
 + Level 2.8 Invocations
 - Level 1.0 Evocations


You had 8 spell levels left.
You didn't know any spells.
Your spell library contained the following spells:

 Spells                   Type           Power        Failure   Level  Hunger
 Animate Skeleton         Necr           N/A          75%         1    ##.....
 Apportation              Tloc           #.....       75%         1    ##.....
 Corona                   Hex            #......      75%         1    ##.....
 Summon Small Mammal      Summ           #...         75%         1    ##.....


Dungeon Overview and Level Annotations

Branches:
Dungeon (10/15)            Temple (1/1) D:6            Lair (0/6) D:9
    Orc: D:9-12

Altars:
Ashenzari
Cheibriados
Dithmenos
Elyvilon
Fedhas
Gozag
Hepliaklqana
Kikubaaqudgha
Makhleb
Nemelex Xobeh
Okawaru
Qazlal
Ru
Sif Muna
Trog
Uskayaw
Vehumet
Wu Jian
Xom
Yredelemnul
Zin
The Shining One

Annotations:
D:10 Fannar


Innate Abilities, Weirdness & Mutations

You reflexively headbutt those who attack you in melee.
You have a pair of horns on your head.


Message History

You puncture Fannar!
Fannar is heavily wounded.
You barely miss Fannar.
Fannar is heavily wounded.
Fannar hits you but does no damage. Fannar freezes you!
You strike the helpless Fannar from behind!
You hit Fannar but do no damage.
Fannar is heavily wounded.
Fannar hits you but does no damage. Fannar freezes you!
* * * LOW HITPOINT WARNING * * *
You hit Fannar.
Fannar is heavily wounded.
Fannar barely misses you.
Okay, then.
Unknown command.
You flicker for a moment.
Fannar gestures at something while chanting.
Fannar points at you and mumbles some strange words.
The bolt of cold hits you!!
You die...

#........#
#........+
#.......)#
#........#
######.###
######..e####
#...........#
#...........#
#.......@...#
#.......<...#
#...........#
#...........#
#.......>.....#
#...........###
#############


You could see Fannar (icy armour).

Vanquished Creatures
  Prince Ribbit (D:5)
  A spriggan (D:7)
  A hungry ghost (D:9)
  Edmund (D:4)
  A hornet zombie (D:9)
  2 orc warriors
  2 sky beasts
  2 ice beasts
  2 ogres (D:9)
  A necrophage (D:9)
  2 phantoms
  2 centaurs
  A crocodile (D:7)
  A big kobold (D:9)
  3 bullfrogs
  A scorpion (D:5)
  6 killer bees
  A crimson imp (D:7)
  2 bullfrog zombies (D:9)
  5 jellies
  8 orc wizards
  3 orc priests
  Crazy Yiuf (D:7)
  4 hounds
  A bullfrog skeleton (D:4)
  2 iguanas (D:8)
  6 worker ants
  A statue (D:5)
  A hound skeleton (D:4)
  13 adders
  4 shadow imps
  An adder zombie (D:8)
  An adder skeleton (D:7)
  A dart slug (D:3)
  5 leopard geckos
  28 orcs
  3 ball pythons
  9 bats
  7 giant cockroaches
  10 hobgoblins
  8 jackals
  10 kobolds
  2 quokkas
  A ball python skeleton (D:4)
  6 frilled lizards
  3 goblins
  2 leopard gecko skeletons (D:4)
  A leopard gecko zombie (D:7)
  7 rats
187 creatures vanquished.

Notes
Turn   | Place    | Note
-------+----------+-------------------------------------------
     0 | D:1      | DeepDeath the Minotaur Fighter began the quest for the Orb.
     0 | D:1      | Reached XP level 1. HP: 19/19 MP: 0/0
    99 | D:1      | Reached XP level 2. HP: 27/27 MP: 1/1
   366 | D:1      | Reached XP level 3. HP: 33/33 MP: 2/2
  1131 | D:3      | Found a white marble altar of Elyvilon.
  1181 | D:3      | Reached XP level 4. HP: 37/41 MP: 3/3
  1824 | D:3      | Found a snail-covered altar of Cheibriados.
  1838 | D:3      | Found an ornate altar of the Wu Jian Council.
  1886 | D:4      | Reached XP level 5. HP: 37/47 MP: 4/4
  1973 | D:4      | Reached skill level 5 in Polearms
  2024 | D:4      | Reached skill level 5 in Fighting
  2029 | D:4      | Reached skill level 5 in Armour
  2158 | D:4      | Reached XP level 6. HP: 50/56 MP: 5/5
  2351 | D:4      | Noticed Edmund
  2362 | D:4      | Killed Edmund
  2704 | D:5      | Entered Level 5 of the Dungeon
  2713 | D:5      | Reached skill level 1 in Maces & Flails
  2761 | D:5      | Reached skill level 2 in Maces & Flails
  2772 | D:5      | Reached skill level 3 in Maces & Flails
  2772 | D:5      | Reached XP level 7. HP: 57/61 MP: 6/6
  3073 | D:5      | Found a radiant altar of Vehumet.
  3091 | D:5      | Reached skill level 4 in Maces & Flails
  3108 | D:5      | Noticed Prince Ribbit
  3124 | D:5      | Killed Prince Ribbit
  3124 | D:5      | Reached skill level 6 in Maces & Flails
  3480 | D:5      | Found a sacrificial altar of Ru.
  4062 | D:6      | Reached skill level 7 in Maces & Flails
  4062 | D:6      | Reached XP level 8. HP: 69/69 MP: 7/7
  4094 | D:6      | Found an opulent altar of Gozag.
  4094 | D:6      | Found a sparkling altar of Nemelex Xobeh.
  4372 | D:6      | Found a glowing silver altar of Zin.
  4402 | D:6      | Found a staircase to the Ecumenical Temple.
  4404 | D:6      | Reached skill level 1 in Throwing
  4404 | D:6      | Reached skill level 1 in Dodging
  4409 | Temple   | Entered the Ecumenical Temple
  4616 | Temple   | Became a worshipper of Warmaster Okawaru
  4663 | D:6      | Reached skill level 1 in Evocations
  4927 | D:6      | Found a shimmering altar of Xom.
  4959 | D:7      | Found a radiant altar of Vehumet.
  5032 | D:7      | Reached skill level 1 in Invocations
  5324 | D:7      | Found a shadowy altar of Dithmenos.
  5827 | D:7      | Reached skill level 8 in Maces & Flails
  5919 | D:7      | Found a runed translucent door.
  5920 | D:7      | Noticed Crazy Yiuf
  5958 | D:7      | Reached * piety under Okawaru
  6113 | D:7      | Killed Crazy Yiuf
  6413 | D:7      | Reached XP level 9. HP: 76/78 MP: 9/9
  6438 | D:7      | Reached skill level 9 in Maces & Flails
  7043 | D:8      | Identified a scroll of acquirement
  7043 | D:8      | Acquired 1570 gold pieces
  7135 | D:9      | Reached ** piety under Okawaru
  7142 | D:9      | Reached skill level 10 in Maces & Flails
  7513 | D:9      | Found a basalt altar of Yredelemnul.
  7570 | D:9      | Found a staircase to the Lair.
  7620 | D:9      | Found the +8 longbow "Zephyr" {speed, Dex+3 SInv}
  7645 | D:9      | Found a shattered altar of Ashenzari.
  7806 | D:10     | Entered Level 10 of the Dungeon
  7846 | D:10     | Noticed Fannar
  7870 | D:10     | Killed from afar by Fannar

Illustrated notes

Levels and vault maps discovered:
D:1:      wander_arrival_abandoned_jail, layout_loops_cross, minmay_tripent
D:2:      layout_basic
D:3:      layout_loops_ring, elyvilon_altar_1, nicolae_overflow_crystal_walls,
          first_ration, kennysheep_path_1, kennysheep_slug_shrine
D:4:      layout_cave_pools, grunt_ministairs_3, uniq_edmund
D:5:      layout_basic, nicolae_ru_the_path_less_chosen, vehumet_statue,
          uniq_prince_ribbit1
D:6:      layout_loops_corners, grunt_temple_overflow_opulence, kennysheep_mini,
          zin_statuary, temple_green
D:7:      layout_basic, kennysheep_mini_moat, basic_altar, the_bakery,
          uniq_crazy_yiuf_cottage
D:8:      layout_rooms, minmay_misc_feat_iff
D:9:      layout_loops_ring, kennysheep_little_box,
          nicolae_ashenzari_panopticon, lair_entry_dummy
D:10:     layout_roguey, ebering_ghost_funeral_grove, kennysheep_generic_room_7,
          uniq_fannar
Temple:   jpeg_temple_alley_garden

Skill      XL: |  1  2  3  4  5  6  7  8  9 |
---------------+----------------------------+-----
Polearms       | 3 4 5 6 |  6.2
Armour         | 4 5 6 8 |  8.1
Fighting       | 4 5 6 8 |  8.2
Maces & Flails | 3 7 8 10 | 10.7
Throwing       | 1 |  1.0
Dodging        | 3 |  3.0
Evocations     | 1 |  1.0
Invocations    | 2 |  2.8
Bows           | |  0.1
Shields        | |  3.6

Action                   |  1- 3 |  4- 6 |  7- 9 || total
-------------------------+-------+-------+-------++-------
Melee: Trident           |   105 |   130 |    54 ||   289
       Headbutt          |     8 |    22 |    52 ||    82
       Dire flail        |       |       |   216 ||   216
Throw: Boomerang         |       |       |    22 ||    22
       Stone             |       |       |     3 ||     3
Evoke: Wand              |       |       |     3 ||     3
  Use: Scroll            |     7 |     5 |    10 ||    22
       Potion            |       |     1 |     6 ||     7
 Stab: Sleeping          |       |       |     2 ||     2
       Invisible         |       |       |     6 ||     6
  Eat: Chunk             |     1 |     4 |    15 ||    20
       Ration            |       |       |     1 ||     1
Armor: Scale mail        |    40 |    48 |    98 ||   186
       Skin              |       |       |     6 ||     6
Dodge: Dodged            |    39 |    39 |   115 ||   193
